AoeStats
← 根本赢不了

African Clearing

510329514Analyzed
4v4 RM · 21h ago on Sep 30, 2026· 48m 5s· 8 players
Game mode
Random Map
Map size
Large (8 player)
Population
200
Speed
Normal
Resources
Standard
Victory
Conquest
Starting age
Dark Age
Ending age
Imperial Age
RankedLock teamsTeams togetherTeam positionsShared explorationLock speedFull tech treeHidden civsTurbo modeCheats
Victory
Defeat
🇨🇳 Byzantines · China
1187
+15
🇪🇸 Maya · Spain
1173
+16
🇸🇪 Gurjaras · Sweden
1168
+16
🇨🇳 Bengalis · China
1119
+44
🇭🇰 Mongols · Hong Kong SAR China
1339
-22
🇭🇰 Inca · Hong Kong SAR China
1221
-19
🇭🇰 Japanese · Hong Kong SAR China
1073
-12
🇭🇰 Wei · Hong Kong SAR China
1057
-12
mxptlic
4:12 Loom
13:47 Feudal Age
15:15 Double-Bit Axe
19:43 Castle Age
19:01 Horse Collar
19:23 Fletching
21:14 Wheelbarrow
20:39 Crossbowman
22:15 Bodkin Arrow
27:51 Gold Mining
27:59 Stone Mining
28:42 Scale Barding Armor
37:43 Bloodlines
37:36 Husbandry
38:15 Ballistics
38:15 Bloodlines
38:43 Chain Barding Armor
42:46 Imperial Age
41:56 Padded Archer Armor
42:02 Thumb Ring
43:08 Leather Archer Armor
44:54 Chemistry
44:00 Bracer
44:26 Conscription
45:30 Plate Barding Armor
45:18 Conscription
Barrios
7:25 Loom
14:13 Feudal Age
17:34 Double-Bit Axe
18:06 Fletching
19:04 Forging
23:47 Castle Age
23:00 Padded Archer Armor
24:30 Gold Mining
24:11 Crossbowman
26:18 Bodkin Arrow
32:46 Horse Collar
34:39 Wheelbarrow
35:14 Bow Saw
37:13 Town Watch
42:26 Imperial Age
41:38 Heavy Plow
41:30 Stone Mining
42:46 Iron Casting
42:23 Thumb Ring
43:13 Leather Archer Armor
43:43 Conscription
42:54 Capped Ram
45:11 Hand Cart
45:39 Ballistics
46:08 Elite Plumed Archer
47:59 Stone Shaft Mining
48:37 Chemistry
47:19 Treadmill Crane
48:44 Hoardings
49:00 Ring Archer Armor
48:31 Bracer
根本赢不了
14:12 Feudal Age
13:17 Loom
15:40 Town Watch
19:14 Castle Age
19:46 Double-Bit Axe
19:42 Horse Collar
22:54 Fletching
43:10 Imperial Age
41:55 Wheelbarrow
41:21 Town Patrol
43:38 Gold Mining
43:38 Stone Mining
45:19 Heavy Plow
45:29 Bow Saw
46:06 Hand Cart
46:30 Gold Shaft Mining
46:22 Bodkin Arrow
47:57 Two-Man Saw
47:29 Crop Rotation
46:33 Elite Ratha (Ranged)
47:34 Conscription
47:55 Bracer
48:19 Mahayana
48:05 Paiks
48:09 Husbandry
48:19 Bloodlines
48:13 Husbandry
Da-dada
4:17 Loom
15:11 Feudal Age
15:54 Double-Bit Axe
20:43 Castle Age
20:01 Horse Collar
22:20 Bow Saw
22:46 Heavy Plow
24:46 Wheelbarrow
24:46 Forging
24:44 Husbandry
25:39 Scale Barding Armor
30:39 Iron Casting
30:24 Chain Barding Armor
34:44 Imperial Age
32:32 Hand Cart
34:14 Chain Barding Armor
33:46 Gold Mining
34:05 Fletching
35:10 Ballistics
35:01 Treadmill Crane
35:17 Murder Holes
36:33 Plate Barding Armor
37:10 Chemistry
35:48 Elite Cataphract
37:50 Crop Rotation
38:50 Conscription
39:47 Hoardings
40:04 Bodkin Arrow
40:09 Padded Archer Armor
41:57 Logistica
41:43 Arrowslits
43:35 Bracer
43:50 Leather Archer Armor
42:58 Elite Skirmisher
43:45 Thumb Ring
45:10 Two-Man Saw
46:07 Ring Archer Armor
Wyman.A
3:42 Loom
13:19 Feudal Age
15:01 Double-Bit Axe
17:38 Castle Age
19:56 Fletching
23:48 Padded Archer Armor
24:17 Bodkin Arrow
26:52 Ballistics
27:57 Leather Archer Armor
28:07 Husbandry
29:26 Bloodlines
30:35 Wheelbarrow
32:29 Thumb Ring
32:58 Horse Collar
36:28 Hand Cart
39:38 Imperial Age
40:54 Parthian Tactics
39:55 Heavy Cavalry Archer
40:36 Bracer
41:41 Chemistry
40:54 Gold Mining
40:55 Stone Mining
43:12 Ring Archer Armor
42:54 Heavy Plow
43:06 Bow Saw
47:33 Conscription
kalun348
3:36 Loom
13:29 Feudal Age
16:46 Double-Bit Axe
19:41 Castle Age
19:19 Horse Collar
23:39 Fletching
23:47 Pikeman
28:49 Elite Skirmisher
40:18 Imperial Age
38:24 Thumb Ring
43:11 Conscription
44:01 Bow Saw
44:39 Wheelbarrow
45:57 Bodkin Arrow
46:02 Padded Archer Armor
47:07 Chemistry
46:28 Ballistics
48:13 Bracer
UnHappy
9:21 Loom
11:35 Feudal Age
12:44 Double-Bit Axe
14:00 Fletching
18:19 Padded Archer Armor
20:50 Stone Mining
23:59 Wheelbarrow
26:45 Castle Age
27:35 Bodkin Arrow
百無聊賴
14:36 Feudal Age
12:56 Loom
15:13 Double-Bit Axe
17:14 Wheelbarrow
22:11 Castle Age
20:16 Town Watch
20:25 Gold Mining
21:22 Horse Collar
27:25 Bow Saw
31:46 Fletching
32:46 Forging
32:31 Bodkin Arrow
36:09 Imperial Age
33:42 Town Patrol
34:17 Forging
35:48 Hand Cart
36:31 Heavy Plow
37:06 Gold Shaft Mining
36:52 Bracer
36:52 Padded Archer Armor
38:58 Conscription
39:12 Crossbowman
39:57 Thumb Ring
40:08 Leather Archer Armor
41:49 Chemistry
42:41 Ballistics
42:06 Arbalester
43:41 Ring Archer Armor
Connection lost

Rejoining the realm…

Still unreachable

The connection could not be restored.

Session expired

The server has moved on; the page needs a fresh start.